 Dungeon Crawl Stone Soup version 0.21.3-3-g218456f21e (webtiles) character file.

24257 CurlyBrace the Gouger (level 12, -1/61 HPs)
             Began as a Felid Earth Elementalist on Mar 8, 2021.
             Was an Elder of Cheibriados.
             Slain by a spriggan rider
             ... wielding a +0 spear
              (14 damage)
             ... on level 4 of the Swamp on Mar 9, 2021.
             The game lasted 02:17:02 (8395 turns).

CurlyBrace the Gouger (Felid Earth Elementalist)    Turns: 8395, Time: 02:17:03

Health: -1/61      AC:  3    Str: 15    XL:     12   Next: 79%
Magic:  1/22       EV: 33    Int: 30    God:    Cheibriados [****..]
Gold:   1359       SH:  0    Dex: 27    Spells: 1/23 levels left
                                        Lives:  0   Deaths: 4

rFire    . . .     SeeInvis +     - Unarmed
rCold    + . .     Gourm    .   (shield unavailable)
rNeg     . . .     Faith    .   (armour unavailable)
rPois    .         Spirit   .   (helmet unavailable)
rElec    .         Reflect  .   (cloak unavailable)
rCorr    .         Harm     .   (gloves unavailable)
MR       +....                  (boots unavailable)
Stlth    +++.......             h - amulet of regeneration
HPRegen  0.60/turn              F - ring of flight
MPRegen  0.18/turn              K - ring of wizardry

@: very slow
A: very small, no armour, no weapons or thrown items, stealth, claws 1, fangs 3,
see invisible, carnivore, speed 1, shaggy fur 3, slow metabolism 1, sharp paws
a: Bend Time, Temporal Distortion, Slouch, Renounce Religion, Evoke Flight


You were on level 4 of the Swamp.
You worshipped Cheibriados.
Cheibriados was greatly pleased with you.
You were full.

You visited 5 branches of the dungeon, and saw 25 of its levels.
You also visited: Labyrinth and Ice Cave.

You collected 2079 gold pieces.
You spent 720 gold pieces at shops.

Inventory:

Missiles
 b - 226 stones
 i - 104 arrows
Jewellery
 a - an uncursed ring of fire
   (You found it in a labyrinth)
 c - an uncursed ring of protection from cold
   (You bought it in a shop on level 2 of the Orcish Mines)
 h - an amulet of regeneration (around neck)
   (You found it on level 2 of the Dungeon)
 k - an uncursed ring of resist corrosion
   (You bought it in a shop on level 2 of the Orcish Mines)
 l - a +1 ring of evasion
   (You took it off a hobgoblin on level 2 of the Dungeon)
 m - an uncursed ring of protection from magic
   (You found it on level 1 of the Dungeon)
 z - an uncursed ring of stealth
   (You found it in a labyrinth)
 C - an uncursed amulet of rage
   (You found it on level 3 of the Lair of Beasts)
 F - a ring of flight (left paw)
   (You found it on level 5 of the Lair of Beasts)
 G - an uncursed ring of stealth
   (You found it in an ice cave)
 H - an uncursed amulet of magic regeneration
   (You found it in an ice cave)
 I - a +3 amulet of reflection
   (You found it in an ice cave)
 J - an uncursed amulet of guardian spirit
   (You found it in an ice cave)
 K - a ring of wizardry (right paw)
   (You found it in an ice cave)
Wands
 j - a wand of flame (154)
   (You found it on level 7 of the Dungeon)
 o - a wand of polymorph (6)
   (You found it on level 2 of the Lair of Beasts)
 s - a wand of random effects (20)
   (You found it in a labyrinth)
 v - a wand of digging (9)
   (You found it on level 4 of the Lair of Beasts)
 A - a wand of disintegration (12)
   (You found it on level 11 of the Dungeon)
Scrolls
 f - 5 scrolls of fog
 p - 2 scrolls of amnesia
 r - 4 scrolls of identify
 x - 4 scrolls of remove curse
 y - 2 scrolls of immolation
 E - a scroll of torment
Potions
 n - a potion of resistance
 N - a potion of brilliance
Books
 d - a book of Geomancy

   Spells                             Type                      Level
   a - Sandblast                      Earth                        1
   b - Passwall                       Transmutation/Earth          2
   c - Stone Arrow                    Conjuration/Earth            3
   d - Petrify                        Transmutation/Earth          4
   e - Lee's Rapid Deconstruction     Earth                        5
 u - the Tome of Companions and Protection
   (You acquired it in a labyrinth)

   Spells                             Type                      Level
   a - Summon Small Mammal            Summoning                    1
   b - Ozocubu's Armour               Charms/Ice                   3
   c - Summon Lightning Spire         Summoning/Air                4
   d - Iskenderun's Battlesphere      Conjuration/Charms           5
   e - Summon Forest                  Summoning/Translocation      5
   f - Malign Gateway                 Summoning/Translocation      7
   g - Summon Hydra                   Summoning                    7
 B - a book of Conjurations
   (You found it on level 11 of the Dungeon)

   Spells                             Type                      Level
   a - Magic Dart                     Conjuration                  1
   b - Searing Ray                    Conjuration                  2
   c - Dazzling Spray                 Conjuration/Hexes            3
   d - Fulminant Prism                Conjuration/Hexes            4
   e - Force Lance                    Conjuration/Translocation    4
   f - Iskenderun's Mystic Blast      Conjuration                  4
 D - a book of Flames
   (You found it in a labyrinth)

   Spells                             Type                      Level
   a - Flame Tongue                   Conjuration/Fire             1
   b - Throw Flame                    Conjuration/Fire             2
   c - Conjure Flame                  Conjuration/Fire             3
   d - Inner Flame                    Hexes/Fire                   3
   e - Sticky Flame                   Conjuration/Fire             4
   f - Fireball                       Conjuration/Fire             5
 L - a book of Clouds
   (You found it on level 5 of the Lair of Beasts)

   Spells                             Type                      Level
   a - Poisonous Vapours              Poison/Air                   2
   b - Mephitic Cloud                 Conjuration/Poison/Air       3
   c - Conjure Flame                  Conjuration/Fire             3
   d - Freezing Cloud                 Conjuration/Ice/Air          6
   e - Ring of Flames                 Charms/Fire                  7
 P - a Young Poisoner's Handbook
   (You found it on level 3 of the Swamp)

   Spells                             Type                      Level
   a - Sting                          Conjuration/Poison           1
   b - Poisonous Vapours              Poison/Air                   2
   c - Mephitic Cloud                 Conjuration/Poison/Air       3
   d - Olgreb's Toxic Radiance        Poison                       4
   e - Venom Bolt                     Conjuration/Poison           5
Comestibles
 e - 13 rations


   Skills:
 * Level 12.8 Fighting
 + Level 12.6 Dodging
 + Level 12.8 Stealth
 * Level 12.8 Unarmed Combat
 + Level 6.3 Spellcasting
 - Level 2.0 Charms
 - Level 1.0 Summonings
 - Level 5.0 Transmutations
 - Level 1.1 Ice Magic
 - Level 1.0 Air Magic
 - Level 7.0 Earth Magic
 - Level 1.0 Poison Magic
 - Level 5.0 Invocations
 - Level 5.0 Evocations


You had one spell level left.
You knew the following spells:

 Your Spells              Type           Power        Failure   Level  Hunger
a - Sandblast             Erth           ######       1%          1    None
b - Passwall              Tmut/Erth      #####.....   1%          2    None
c - Ozocubu's Armour      Chrm/Ice       ###.....     3%          3    None
d - Mephitic Cloud        Conj/Pois/Air  ##......     4%          3    None
e - Summon Lightning Spi  Summ/Air       ###.....     13%         4    ##.....
f - Petrify               Tmut/Erth      #####...     1%          4    ##.....
g - Lee's Rapid Deconstr  Erth           ######....   3%          5    #####..


Dungeon Overview and Level Annotations

Branches:
Dungeon (12/15)            Temple (0/1) D:4            Lair (6/6) D:10
  Swamp (4/4) Lair:3        Snake (1/4) Lair:3        Slime (0/5) Lair:5
    Orc (2/2) D:11
    Elf: Orc:2

Altars:
Cheibriados
Kikubaaqudgha
Sif Muna
Vehumet
Wu Jian
Xom
The Shining One
Beogh

Shops:
D:5 [   D:8 ?   Orc:2 [=

Annotations:
D:5 exclusions: downstairs, orc, orc priest and orc wizard
D:11 Snorg
Lair:2 exclusion: 2 oklob plants
Swamp:4 exclusion: Roxanne, CurlyBrace's ghost, journeyman FeEE; Roxanne


Innate Abilities, Weirdness & Mutations

You cannot wear armour.
You are incapable of wielding weapons or throwing items.
Your paws allow you to move quietly. (Stealth)
You have sharp claws.
You have razor-sharp teeth.
You have supernaturally acute eyesight. (SInv)
You are carnivorous and can eat meat at any time.
You cover ground quickly.
Your thick and shaggy fur keeps you warm. (AC +3, rC+)
You have a slow metabolism.
Your sharp claws are effective at attacking unaware monsters.


Message History

Evoke which item? (* to show all) (? for menu, Esc to quit)
You have no means to grasp a wand firmly enough.
Unknown command.
Unknown command.
Evoke which item? (* to show all) (? for menu, Esc to quit)
Okay, then.
Unknown command.
Evoke which item? (* to show all) (? for menu, Esc to quit)
You have no means to grasp a wand firmly enough.
Okay, then.
Evoke which item? (* to show all) (? for menu, Esc to quit)
Okay, then.
Your magical effects are unravelling.
You feel magically purged.
Your transformation has ended.
Your ring of flight unmelds from your body.
Your ring of wizardry unmelds from your body.
Your resistance to elements expires.
The spriggan rider hits you from afar with a spear!
You die...

.♣.≈≈.§♣ ♣♣♣≈..♣♣
..≈≈...♣♣♣..♣♣≈≈♣♣
...[..≈§..<≈≈≈%≈.♣
≈...≈.≈≈..≈≈...≈♣♣
≈≈≈≈≈≈......≈♣♣♣♣
≈≈≈≈≈≈≈≈≈.≈..≈♣
≈≈≈≈≈≈≈≈..≈i..♣
≈≈≈≈≈≈†......♣♣♣♣♣
≈≈≈≈≈≈♣♣≈..≈.†ik@♣
.≈≈≈.♣
♣♣♣...§i§♣♣♣ ≈≈≈≈.
♣≈♣♣♣♣)..♣♣ ≈≈≈≈!
♣♣♣♣♣.....♣ ≈≈≈≈
♣♣(.≈≈≈.≈♣♣♣ .≈≈≈
♣≈..≈≈..♣♣
♣≈≈.≈≈...♣
..$≈.≈≈....♣
♣.≈≈≈≈.♣.≈≈♣


You could see 2 spriggan riders and a swamp drake.

Vanquished Creatures
  Saint Roka (Orc:2)
  The ghost of Xiguana the Grappler, a journeyman BaAE of Cheibriados (Orc:2)
  2 ice dragons (IceCv)
  6 hydras
  Erica (D:8)
  4 two-headed ogres
  2 orc high priests (Orc:2)
  3 alligators
  Sonja (Orc:2)
  A spriggan (Swamp:4)
  A swamp dragon (Swamp:4)
  An unseen horror (D:10)
  3 spriggan druids
  The ghost of CurlyBrace the Fighter, a novice FeEE of Cheibriados (Orc:2)
  Pikel (D:7)
  An orc knight (Orc:2)
  An orc sorcerer (Orc:2)
  An ugly thing (D:11)
  A manticore (D:11)
  An elephant (Swamp:4)
  21 spiny frogs
  A black mamba (Lair:4)
  A guardian serpent (Lair:3)
  2 ice statues (IceCv)
  The ghost of CurlyBrace the Fighter, a novice FeEE of Cheibriados (Orc:2)
  4 rime drakes
  6 komodo dragons
  A troll (Orc:2)
  3 tyrant leeches
  3 polar bears (Lair:1)
  A hornet (Swamp:4)
  A slime creature (Swamp:4)
  7 dream sheep (Lair:6)
  3 bog bodies
  22 blink frogs
  8 hippogriffs
  Sigmund (D:6)
  27 yaks
  Eustachio (D:4)
  2 basilisks
  A hungry ghost (D:11)
  6 vampire mosquitoes (Lair:6)
  A warg (Orc:2)
  A swamp worm (Swamp:3)
  7 porcupines
  8 water moccasins
  A swamp drake (Swamp:1)
  23 orc warriors
  4 sky beasts
  A slave (D:7)
  An eye of draining (D:10)
  15 ice beasts
  2 phantoms
  6 necrophages
  10 ogres
  A wolf (Lair:4)
  2 centaurs
  6 crocodiles
  A big kobold (D:9)
  19 bullfrogs
  A gnoll sergeant (D:9)
  An earth elemental (Lab)
  A wyvern skeleton (D:9)
  4 scorpions
  A water moccasin skeleton (D:11)
  2 wights (D:9)
  2 howler monkeys (D:7)
  5 crimson imps
  A bullfrog zombie (D:6)
  A centaur zombie (D:10)
  2 human zombies (D:9)
  16 orc priests
  3 jellies
  19 orc wizards
  2 bullfrog skeletons
  2 centaur skeletons
  8 hounds
  A human skeleton (D:9)
  6 iguanas
  7 worker ants
  A hound skeleton (D:3)
  3 mummies (D:9)
  Robin (D:4)
  5 gnolls (D:9)
  5 adders
  2 shadow imps
  An ooze (D:4)
  An adder zombie (D:6)
  2 worms
  A dart slug (D:4)
  2 leopard geckos
  81 orcs
  6 ball pythons
  3 giant cockroaches
  8 goblins
  14 hobgoblins
  11 jackals
  4 quokkas
  4 bats
  A frilled lizard (D:5)
  16 kobolds
  2 orc zombies (D:9)
  A quokka skeleton (D:4)
  8 rats
  A plant (Lair:6)
535 creatures vanquished.

Vanquished Creatures (collateral kills)
  A hydra (Swamp:4)
  An orc high priest (Orc:2)
  2 spiny frogs (Lair:6)
  3 tyrant leeches (Lair:6)
  A blink frog (Lair:6)
  3 yaks (Lair:6)
  A bullfrog (Lair:6)
12 creatures vanquished.

Vanquished Creatures (others)
  An orc warrior (Orc:2)
  A slave (D:7)
  An orc (Orc:2)
  A quokka skeleton (D:7)
  A bush (Lair:6)
  24 fungi
  40 plants
69 creatures vanquished.

Grand Total: 616 creatures vanquished

Notes
Turn   | Place    | Note
-------+----------+-------------------------------------------
     0 | D:1      | CurlyBrace the Felid Earth Elementalist began the quest for the Orb.
     0 | D:1      | Reached XP level 1. HP: 7/7 MP: 4/4
   191 | D:2      | Reached XP level 2. HP: 11/11 MP: 0/6
   205 | D:2      | Learned a level 2 spell: Passwall
   235 | D:2      | Noticed a crimson imp
   246 | D:2      | Killed a crimson imp
   246 | D:2      | Reached skill level 1 in Fighting
   246 | D:2      | Reached skill level 1 in Unarmed Combat
   246 | D:2      | Reached XP level 3. HP: 11/15 MP: 1/7
   610 | D:2      | Reached XP level 4. HP: 13/19 MP: 8/8
   950 | D:3      | Noticed a sky beast
   952 | D:3      | Found a deep blue altar of Sif Muna.
   992 | D:4      | Noticed Robin
   996 | D:5      | Entered Level 5 of the Dungeon
  1017 | D:5      | Reached XP level 5. HP: 23/23 MP: 5/9
  1070 | D:7      | Learned a level 4 spell: Petrify
  1076 | D:8      | Noticed an orc warrior
  1077 | D:8      | Gained mutation: You are covered in thick fur. (AC +2) [Felid growth]
  1077 | D:8      | Reached XP level 6. HP: 16/28 MP: 2/10
  1094 | D:6      | Noticed a sky beast
  1105 | D:6      | HP: 1/28 [sky beast (6)]
  1162 | D:5      | Found a snail-covered altar of Cheibriados.
  1171 | D:5      | Became a worshipper of Cheibriados the Contemplative
  1361 | D:4      | Found a staircase to the Ecumenical Temple.
  1385 | D:4      | Killed Robin
  1491 | D:3      | Reached * piety under Cheibriados
  1544 | D:3      | Killed a sky beast
  1544 | D:3      | Reached XP level 7. HP: 32/32 MP: 3/11
  1722 | D:4      | Reached skill level 1 in Evocations
  1734 | D:4      | Found a glowing golden altar of the Shining One.
  1754 | D:4      | Found a radiant altar of Vehumet.
  1773 | D:4      | Found an ornate altar of the Wu Jian Council.
  1783 | D:4      | Found a shimmering altar of Xom.
  1818 | D:4      | Noticed Eustachio
  1827 | D:4      | Reached ** piety under Cheibriados
  1858 | D:4      | Killed Eustachio
  1898 | D:5      | Found Ekhlaj's Armour Shoppe.
  2046 | D:5      | Reached XP level 8. HP: 32/36 MP: 13/15
  2052 | D:5      | Reached skill level 5 in Stealth
  2136 | D:6      | Noticed Sigmund
  2149 | D:6      | Killed Sigmund
  2149 | D:6      | Reached skill level 5 in Dodging
  2296 | D:7      | Noticed Pikel
  2311 | D:7      | Killed Pikel
  2311 | D:7      | Reached skill level 5 in Fighting
  2311 | D:7      | Reached skill level 5 in Unarmed Combat
  2311 | D:7      | Reached skill level 5 in Earth Magic
  2311 | D:7      | Reached XP level 9. HP: 29/40 MP: 3/16
  2449 | D:8      | Reached *** piety under Cheibriados
  2596 | D:9      | Found an ancient bone altar of Kikubaaqudgha.
  2841 | D:8      | Learned a level 5 spell: Lee's Rapid Deconstruction
  2873 | D:8      | Reached **** piety under Cheibriados
  2891 | D:8      | Reached skill level 5 in Transmutations
  2918 | D:8      | Found Deqeneuni's Magic Scroll Emporium.
  2922 | D:8      | Noticed Erica
  2931 | D:8      | Killed Erica
  2931 | D:8      | Reached XP level 10. HP: 46/46 MP: 10/17
  3076 | D:10     | Entered Level 10 of the Dungeon
  3173 | D:9      | Noticed a two-headed ogre
  3181 | D:9      | Killed a two-headed ogre
  3390 | D:10     | Found a staircase to the Lair.
  3400 | D:10     | Noticed a two-headed ogre
  3408 | D:10     | Killed a two-headed ogre
  3408 | D:10     | Reached skill level 1 in Invocations
  3502 | D:10     | Reached ***** piety under Cheibriados
  3538 | Lair:1   | Entered Level 1 of the Lair of Beasts
  3538 | Lair:1   | Noticed a spiny frog
  3562 | Lair:1   | Killed a spiny frog
  3571 | D:10     | Reached XP level 11. HP: 52/52 MP: 11/18
  3667 | D:11     | Noticed a cyan ugly thing
  3677 | D:11     | Killed a cyan ugly thing
  3691 | D:11     | Noticed Snorg
  3703 | D:11     | Found a labyrinth entrance.
  3791 | Lab      | Entered a labyrinth
  4069 | Lab      | Identified a scroll of acquirement
  4069 | Lab      | Identified the Tome of Companions and Protection (You acquired it in a labyrinth)
  4075 | Lab      | Learned a level 3 spell: Ozocubu's Armour
  4197 | Lab      | Noticed a minotaur
  4250 | D:11     | Found a staircase to the Orcish Mines.
  4261 | Orc:1    | Entered Level 1 of the Orcish Mines
  4365 | Orc:1    | Noticed a two-headed ogre
  4380 | Orc:1    | Killed a two-headed ogre
  4461 | Orc:2    | Entered Level 2 of the Orcish Mines
  4461 | Orc:2    | Noticed Xiguana's ghost (journeyman BaAE)
  4488 | Orc:2    | Noticed an orc high priest
  4488 | Orc:2    | Noticed CurlyBrace's ghost (novice FeEE)
  4548 | Orc:2    | Slain by Xiguana's ghost
  4549 | Orc:2    | Reached XP level 10. HP: -3/49 MP: 10/17
  4558 | Orc:2    | Killed Xiguana's ghost
  4558 | Orc:2    | Reached skill level 1 in Charms
  4558 | Orc:2    | Reached skill level 1 in Ice Magic
  4564 | Orc:2    | Noticed a two-headed ogre
  4571 | Orc:2    | Noticed Sonja
  4573 | Orc:2    | Killed a two-headed ogre
  4800 | Orc:2    | Noticed an orc sorcerer
  4813 | Orc:2    | Killed an orc sorcerer
  4813 | Orc:2    | Reached XP level 11. HP: 40/53 MP: 14/18
  4817 | Orc:2    | Noticed an orc knight
  4824 | Orc:2    | Killed an orc knight
  4870 | Orc:2    | Noticed CurlyBrace's ghost (novice FeEE)
  4871 | Orc:2    | Killed Sonja
  4873 | Orc:2    | Killed CurlyBrace's ghost
  5139 | Orc:2    | Killed CurlyBrace's ghost
  5147 | Orc:2    | Noticed Saint Roka
  5160 | Orc:2    | Reached ****** piety under Cheibriados
  5183 | Orc:2    | Killed Saint Roka
  5183 | Orc:2    | Reached skill level 10 in Fighting
  5183 | Orc:2    | Reached skill level 10 in Stealth
  5183 | Orc:2    | Reached skill level 10 in Unarmed Combat
  5248 | Orc:2    | Noticed an orc high priest
  5286 | Orc:2    | Killed an orc high priest
  5286 | Orc:2    | Gained mutation: Your thick and shaggy fur keeps you warm. (AC +3, rC+) [Felid growth]
  5286 | Orc:2    | Reached XP level 12. HP: 23/58 MP: 4/19
  5323 | Orc:2    | Noticed an orc high priest
  5331 | Orc:2    | Killed an orc high priest
  5337 | Orc:2    | Found Imurupt's Jewellery Shoppe.
  5357 | Orc:2    | Found a roughly hewn altar of Beogh.
  5365 | Orc:2    | Noticed an orc high priest
  5382 | Orc:2    | Found Jeyve's Armour Emporium.
  5385 | Orc:2    | Killed an orc high priest
  5419 | Orc:2    | Bought an uncursed ring of resist corrosion for 320 gold pieces
  5419 | Orc:2    | Bought an uncursed ring of protection from cold for 400 gold pieces
  5618 | D:10     | Reached skill level 10 in Dodging
  5774 | Lair:1   | Noticed a seven-headed hydra
  5774 | Lair:1   | Reached skill level 5 in Invocations
  5796 | Lair:1   | Killed a seven-headed hydra
  6130 | Lair:3   | Killed from afar by a guardian serpent
  6131 | Lair:3   | Reached XP level 11. HP: -11/55 MP: 8/18
  6275 | Lair:3   | Found a staircase to the Snake Pit.
  6288 | Snake:1  | Entered Level 1 of the Snake Pit
  6314 | Lair:4   | Reached XP level 12. HP: 60/60 MP: 13/19
  6400 | Lair:5   | Found a frozen archway.
  6415 | IceCv    | Entered an ice cave
  6536 | IceCv    | Noticed an ice dragon
  6536 | IceCv    | Noticed an ice dragon
  6561 | IceCv    | Killed an ice dragon
  6584 | IceCv    | Killed an ice dragon
  6809 | Lair:6   | Entered Level 6 of the Lair of Beasts
  6809 | Lair:6   | Noticed a seven-headed hydra
  6858 | Lair:5   | Noticed an eight-headed hydra
  6865 | Lair:5   | Killed an eight-headed hydra
  6886 | Lair:6   | Reached skill level 5 in Evocations
  6974 | Lair:6   | Reached skill level 5 in Spellcasting
  7015 | Lair:6   | Noticed a seven-headed hydra
  7185 | Lair:6   | Reached XP level 13. HP: 46/64 MP: 16/21
  7390 | Lair:6   | HP: 1/64 [five-headed hydra (6)]
  7391 | Lair:6   | Slain by a five-headed hydra
  7392 | Lair:6   | Reached XP level 12. HP: -5/61 MP: 2/22
  7403 | Lair:6   | Killed a five-headed hydra
  7406 | Lair:6   | Slain by a seven-headed hydra
  7407 | Lair:6   | Reached XP level 11. HP: -2/57 MP: 4/21
  7454 | Lair:6   | Killed a seven-headed hydra
  7529 | Lair:6   | Killed a seven-headed hydra
  7731 | Lair:4   | Reached XP level 12. HP: 58/61 MP: 5/22
  7954 | Lair:3   | Found a staircase to the Swamp.
  7973 | Swamp:1  | Entered Level 1 of the Swamp
  8123 | Swamp:2  | Noticed a four-headed hydra
  8145 | Swamp:3  | Noticed an alligator
  8150 | Swamp:3  | Killed an alligator
  8187 | Swamp:3  | Noticed an alligator
  8194 | Swamp:3  | Killed an alligator
  8231 | Swamp:3  | Learned a level 4 spell: Summon Lightning Spire
  8272 | Swamp:4  | Entered Level 4 of the Swamp
  8272 | Swamp:4  | Noticed CurlyBrace's ghost (journeyman FeEE)
  8297 | Swamp:4  | Learned a level 3 spell: Mephitic Cloud
  8301 | Swamp:4  | Noticed an alligator
  8310 | Swamp:4  | Killed an alligator
  8313 | Swamp:4  | Noticed an anaconda
  8313 | Swamp:4  | a tyrant leech changed into an anaconda
  8314 | Swamp:4  | an anaconda changed into a slime creature
  8342 | Swamp:4  | Noticed Roxanne
  8364 | Swamp:4  | Noticed a six-headed hydra
  8369 | Swamp:4  | Killed a six-headed hydra
  8383 | Swamp:4  | Reached skill level 1 in Summonings
  8383 | Swamp:4  | Reached skill level 1 in Air Magic
  8391 | Swamp:4  | Reached skill level 1 in Poison Magic
  8395 | Swamp:4  | Slain by a spriggan rider

Skill      XL: |  1  2  3  4  5  6  7  8  9 10 11 12 13 |
---------------+----------------------------------------+-----
Dodging        | 3 4 5 6 7 9 11 12 | 12.6
Stealth        | 3 4 5 6 9 10 12 | 12.8
Earth Magic    | 3 5 7 |  7.0
Fighting       | 1 2 3 4 5 6 9 10 12 | 12.8
Unarmed Combat | 1 2 3 4 5 6 9 10 12 | 12.8
Transmutations | 2 3 4 5 |  5.0
Evocations     | 1 3 4 5 |  5.0
Spellcasting   | 4 5 6 |  6.3
Invocations    | 3 4 5 |  5.0
Charms         | 1 2 |  2.0
Ice Magic      | 1 |  1.1
Summonings     | 1 |  1.0
Air Magic      | 1 |  1.0
Poison Magic   | 1 |  1.0

Action                   |  1- 3 |  4- 6 |  7- 9 | 10-12 | 13-15 || total
-------------------------+-------+-------+-------+-------+-------++-------
Melee: Unarmed           |    91 |   291 |   332 |   847 |    58 ||  1619
       Bite              |     5 |    28 |    48 |   149 |    13 ||   243
       Punch             |     1 |     4 |     7 |    75 |     4 ||    91
 Cast: Sandblast         |    25 |    37 |    20 |    30 |       ||   112
       Passwall          |     3 |     5 |    22 |    51 |       ||    81
       Petrify           |       |     4 |    19 |    84 |    10 ||   117
       Ozocubu's Armour  |       |       |       |    19 |       ||    19
       Lee's Rapid Decon |       |       |       |    15 |       ||    15
       Mephitic Cloud    |       |       |       |     2 |       ||     2
Invok: Slouch            |       |       |       |     8 |     3 ||    11
       Step From Time    |       |       |       |     2 |       ||     2
       Temporal Distorti |       |       |       |     1 |       ||     1
 Abil: Evoke Flight      |       |       |       |     5 |       ||     5
Evoke: Wand              |       |       |     4 |    65 |       ||    69
       Sack of spiders   |       |       |       |     5 |       ||     5
       Box of beasts     |       |       |       |     6 |       ||     6
       Phantom mirror    |       |       |       |     1 |       ||     1
  Use: Scroll            |     5 |     3 |     7 |    17 |       ||    32
       Potion            |     1 |     3 |     3 |    17 |     1 ||    25
 Stab: Sleeping          |     5 |     8 |    14 |    35 |       ||    62
       Petrified         |       |     3 |    13 |    54 |     3 ||    73
       Paralysed         |       |       |     2 |     6 |       ||     8
       Petrifying        |       |       |     1 |    13 |       ||    14
       Distracted        |       |       |       |     5 |     1 ||     6
       Held in net/web   |       |       |       |     1 |       ||     1
       Confused          |       |       |       |     2 |       ||     2
  Eat: Chunk             |       |     5 |    12 |    38 |     1 ||    56
       Ration            |       |     1 |       |       |       ||     1
Armor: Skin              |     5 |     7 |     9 |    65 |     1 ||    87
Dodge: Dodged            |    78 |   221 |   293 |   966 |   105 ||  1663
